 Dungeon Crawl Stone Soup version 0.23.2-33-g5129a83184 (webtiles) character file.

Game seed: 4110093754810690904

21351 Folque the Frost Mage (level 12, -8/78 HPs)
             Began as a Demonspawn Ice Elementalist on June 28, 2019.
             Was a High Priest of Sif Muna.
             Mangled by a blink frog (15 damage)
             ... on level 6 of the Lair of Beasts.
             The game lasted 01:50:52 (20650 turns).

Folque the Frost Mage (DsIE)                       Turns: 20650, Time: 01:51:11

Health: -8/78      AC: 19    Str:  9    XL:     12   Next: 53%
Magic:  0/25       EV: 17    Int: 25    God:    Sif Muna [*****.]
Gold:   1117       SH:  0    Dex: 13    Spells: 1/29 levels left

rFire    . . .     SeeInvis .   N - +3 long sword (freeze)
rCold    . . .     Gourm    .   (no shield)
rNeg     . . .     Faith    .   k - +2 robe {Archmagi}
rPois    .         Spirit   .   P - +2 hat {Int+3}
rElec    .         Reflect  .   J - +2 cloak
rCorr    .         Harm     .   (no gloves)
MR       .....                  H - +0 pair of boots
Stlth    ++........             (no amulet)
HPRegen  0.23/turn              (no ring)
MPRegen  0.19/turn              e - +3 ring of evasion

@: icy armour, no casting
A: claws 2, demonic guardian 1, foul stench 2, rot immunity
a: Stop Divine Energy, Channel Magic, Forget Spell, Renounce Religion


You were on level 6 of the Lair of Beasts.
You worshipped Sif Muna.
Sif Muna was extremely pleased with you.
You were hungry.

You visited 3 branches of the dungeon, and saw 18 of its levels.
You also visited: Sewer.

You collected 1117 gold pieces.

Inventory:

Hand Weapons
 b - a +1 dagger of speed
 d - a +0 blowgun
 L - a +0 whip of flaming
 N - a +3 long sword of freezing (weapon)
 W - a +0 arbalest
Missiles
 u - 27 poisoned needles
 T - 36 bolts
Armour
 k - a +2 robe of the Archmagi (worn)
 p - the +1 hat "Lapranez" {*Slow rPois rN++, unknown}
   (You found it on level 9 of the Dungeon)

   It protects you from poison.
   It greatly protects you from negative energy.
   It may slow you when you take damage.
 H - a +0 pair of boots (worn)
 J - a +2 cloak (worn)
 P - a +2 hat of intelligence (worn)
 R - a +1 hat
 S - a +1 hat
Jewellery
 e - a +3 ring of evasion (right claw)
 r - an uncursed amulet of the gourmand {unknown}
 Y - an uncursed ring of ice {unknown}
Wands
 h - a wand of polymorph (10)
 j - a wand of flame (46)
 o - a wand of enslavement (10)
 B - a wand of digging (10)
 E - a wand of paralysis (12)
 G - a wand of disintegration (46)
Scrolls
 a - a scroll of summoning {unknown}
 l - 8 scrolls of remove curse
 s - 2 scrolls of teleportation
 y - 2 scrolls of enchant armour
 A - 3 scrolls of magic mapping {unknown}
 C - 2 scrolls of fog {unknown}
 M - 3 scrolls of vulnerability {unknown}
 O - a scroll of blinking {unknown}
 U - a scroll of fear {unknown}
 V - a scroll of noise {unknown}
 X - 2 scrolls of enchant weapon {unknown}
Potions
 f - 2 potions of lignification
 g - 3 potions of flight {unknown}
 m - 2 potions of berserk rage {unknown}
 n - 2 potions of degeneration {unknown}
 q - 5 potions of haste
 t - 2 potions of agility {unknown}
 v - 5 potions of might
 x - a potion of heal wounds
 z - 2 potions of magic
 D - 7 potions of curing
 I - 2 potions of brilliance
 K - a potion of ambrosia {unknown}
 Q - 4 potions of cancellation
Comestibles
 c - 15 rations
 i - 5 chunks of flesh


   Skills:
 - Level 2.0 Fighting
 - Level 5.2 Dodging
 - Level 1.7 Stealth
 - Level 9.3 Spellcasting
 + Level 8.1 Conjurations
 - Level 5.1 Summonings
 - Level 5.0 Fire Magic
 + Level 9.4 Ice Magic
 * Level 7.5 Air Magic
 - Level 7.0 Invocations


You had one spell level left.
You knew the following spells:

 Your Spells              Type           Power        Failure   Level  Hunger
a - Freeze                Ice            ####         1%          1    None
b - Throw Frost           Conj/Ice       ######       1%          2    None
c - Summon Ice Beast      Ice/Summ       ######..     2%          4    #......
d - Ozocubu's Armour      Chrm/Ice       ######..     2%          3    None
e - Static Discharge      Conj/Air       ######..     1%          3    None
f - Fireball              Conj/Fire      ######....   10%         5    ####...
g - Summon Lightning Spi  Summ/Air       ######..     3%          4    #......
h - Freezing Cloud        Conj/Ice/Air   ######....   26%         6    ######.

Your spell library contained the following spells:

 Spells                   Type           Power        Failure   Level  Hunger
 Flame Tongue             Conj/Fire      #####        1%          1    None
 Magic Dart               Conj           ####         1%          1    None
 Summon Small Mammal      Summ           ####         1%          1    None
 Corona                   Hex            ###....      5%          1    None
 Call Imp                 Summ           ######..     1%          2    None
 Ensorcelled Hibernation  Hex/Ice        ######       1%          2    None
 Swiftness                Chrm/Air       #####...     1%          2    None
 Throw Flame              Conj/Fire      ######       1%          2    None
 Conjure Flame            Conj/Fire      ######..     1%          3    None
 Mephitic Cloud           Conj/Pois/Air  ######..     1%          3    None
 Throw Icicle             Conj/Ice       ######..     1%          4    #......
 Sticky Flame             Conj/Fire      ######..     3%          4    #......
 Inner Flame              Hex/Fire       #####...     5%          3    None
 Blink                    Tloc           N/A          8%          2    None
 Slow                     Hex            ###.....     8%          2    None
 Sticks to Snakes         Tmut           ###.....     8%          2    None
 Bolt of Cold             Conj/Ice       ######....   22%         6    ######.
 Irradiate                Conj/Tmut      #####.....   28%         5    ####...
 Iskenderun's Battlesphe  Conj/Chrm      #####...     28%         5    ####...
 Lee's Rapid Deconstruct  Erth           ###.......   82%         5    ####...
 Darkness                 Hex            ###.......   100%        6    ######.


Dungeon Overview and Level Annotations

Branches:
Dungeon (12/15)            Temple (1/1) D:5            Lair (4/6) D:11
 Shoals (0/4) Lair:4        Snake (0/4) Lair:4          Orc (0/2) D:10

Altars:
Ashenzari
Cheibriados
Dithmenos
Elyvilon
Fedhas
Gozag
Hepliaklqana
Kikubaaqudgha
Makhleb
Nemelex Xobeh
Okawaru
Qazlal
Ru
Sif Muna
Trog
Uskayaw
Vehumet
Wu Jian
Xom
Yredelemnul
Zin
The Shining One

Shops:
D:5 [

Annotations:
D:5 2 transporters, dembora's ghost, novice DsAK
D:7 2 transporters, Folque's ghost, amateur HuSu
D:11 3 runed translucent doors, Shimatora's ghost, novice DECj


Innate Abilities, Weirdness & Mutations

You have very sharp fingernails.
A weak demonic guardian rushes to your aid.
You frequently emit foul miasma when damaged in melee.
You are immune to rotting.


Message History

The spiny frog is struck by an arc of lightning!
The spiny frog is almost dead.
The blink frog is struck by an arc of lightning!
The blink frog is almost dead.
The spiny frog is struck by an arc of lightning.
You kill the spiny frog!
Sif Muna accepts your kill.
The lightning grounds out.
The vampire mosquito is struck by an arc of lightning!
The vampire mosquito is severely damaged.
You are struck by an arc of lightning.
* * * LOW HITPOINT WARNING * * *
The lightning grounds out.
Sif Muna grants you divine energy.
You briefly lose access to your magic!
The vampire mosquito misses you.
You riposte.
You slash the vampire mosquito! You freeze the vampire mosquito.
You destroy the vampire mosquito!
Sif Muna accepts your kill. The blink frog hits you!
You die...

....#P..####........#
### ##### ##......##
##P.....# #PP.....##
##P.......#
#.P......P#
#.......P##
#...8☼....#
##..F@....#
##.††§<...P.
#.%.§§§..≈..
#...§..≈.≈..
...?.§§y.†P.≈
.........≈...≈
.............;≈
.............≈≈


You could see a blink frog, a vampire mosquito, an electric eel and a friendly
lightning spire.

Vanquished Creatures
  Snorg (D:10)
  An unseen horror (D:10)
  Pikel (D:8)
  A manticore (Lair:4)
  A deep elf mage (D:9)
  2 black mambas
  7 spiny frogs
  3 komodo dragons
  A polar bear (Lair:3)
  2 blink frogs (Lair:6)
  5 hippogriffs
  A shadow (D:11)
  A wyvern (D:10)
  A wraith (D:9)
  3 yaks (Lair:4)
  A basilisk (Lair:3)
  A human (D:8)
  A hungry ghost (D:10)
  4 vampire mosquitoes
  Edmund (D:5)
  4 water moccasins
  5 porcupines
  6 ogres
  6 orc warriors
  A sky beast (D:3)
  2 ice beasts
  3 phantoms
  4 wolves
  10 centaurs
  3 crocodiles
  4 big kobolds
  19 bullfrogs
  A gnoll sergeant (D:7)
  A scorpion (D:7)
  A troll zombie (D:10)
  3 wights
  11 killer bees
  3 crimson imps
  3 bullfrog zombies
  2 centaur zombies
  4 hounds
  An iron imp (D:9)
  A quasit (D:7)
  4 orc priests
  3 bullfrog skeletons
  A jelly (D:12)
  Jessica (D:2)
  3 iguanas
  11 orc wizards
  11 worker ants
  4 ogre zombies (D:10)
  2 worker ant zombies (D:6)
  A howler monkey zombie (D:7)
  8 gnolls
  13 adders
  4 river rats (Sewer)
  2 shadow imps
  A white imp (D:9)
  8 oozes
  An adder zombie (D:9)
  An adder skeleton (D:4)
  2 worms
  3 dart slugs
  4 leopard geckos
  33 orcs
  6 ball pythons
  6 giant cockroaches
  12 goblins
  7 hobgoblins
  15 jackals
  24 kobolds
  3 quokkas
  8 bats
  11 frilled lizards
  A goblin skeleton (D:10)
  A goblin zombie (D:10)
  A hobgoblin zombie (D:10)
  A leopard gecko zombie (D:6)
  4 orc skeletons (D:10)
  8 orc zombies (D:10)
  12 rats
  5 bushes (Lair:1)
383 creatures vanquished.

Vanquished Creatures (collateral kills)
  A hydra (D:11)
  2 two-headed ogres (D:11)
  A deep elf mage (D:9)
  An ugly thing (D:11)
  A cyclops (D:12)
  A black mamba (Lair:3)
  A troll (D:11)
  2 hippogriffs
  6 yaks
  2 basilisks
  Eustachio (D:5)
  A vampire mosquito (D:12)
  3 hungry ghosts
  A soldier ant (D:11)
  2 water moccasins
  2 acid dragons
  A porcupine (Lair:4)
  An ice beast (D:10)
  A swamp drake (D:9)
  3 sky beasts
  A black bear (D:11)
  An eye of draining (D:9)
  5 ogres
  2 centaurs
  6 wolves
  A crocodile (Lair:4)
  A big kobold (D:12)
  A gnoll sergeant (D:7)
  3 bullfrogs
  2 wights (D:8)
  2 crimson imps
  A jelly (D:5)
  2 hounds
  2 orc priests
  An orc wizard (D:8)
  3 worker ants
  An ogre zombie (D:10)
  8 gnolls
  An adder (D:8)
  A shadow imp (D:11)
  A leopard gecko (D:5)
  8 orcs
  2 jackals (D:4)
  A frilled lizard (D:4)
  A leopard gecko skeleton (D:4)
  3 orc zombies (D:10)
95 creatures vanquished.

Vanquished Creatures (others)
  A slave (D:8)
  A crimson imp (D:8)
  A quokka (D:5)
  A bush (Lair:1)
  A fungus (Lair:4)
  11 plants
16 creatures vanquished.

Grand Total: 494 creatures vanquished

Notes
Turn   | Place    | Note
-------+----------+-------------------------------------------
     0 | D:1      | Folque the Demonspawn Ice Elementalist began the quest for
                  | the Orb.
     0 | D:1      | Reached XP level 1. HP: 13/13 MP: 3/3
   719 | D:1      | Gained mutation: You are immune to rotting. [demonic
                  | ancestry]
   719 | D:1      | Reached XP level 2. HP: 12/20 MP: 1/5
   961 | D:1      | Reached skill level 1 in Fighting
   973 | D:1      | Learned a level 2 spell: Throw Frost
  1343 | D:2      | Found a faded altar of an unknown god.
  1357 | D:2      | Reached XP level 3. HP: 25/26 MP: 5/7
  1406 | D:2      | Noticed Jessica
  1414 | D:2      | Killed Jessica
  1473 | D:2      | Found a glowing golden altar of the Shining One.
  1525 | D:2      | Gained mutation: You may emit foul miasma when damaged in
                  | melee. [demonic ancestry]
  1525 | D:2      | Reached XP level 4. HP: 32/32 MP: 0/8
  1633 | D:2      | Found a deep blue altar of Sif Muna.
  1646 | D:2      | Became a worshipper of Sif Muna the Loreminder
  1858 | D:2      | Found a sparkling altar of Nemelex Xobeh.
  2186 | D:3      | Noticed a sky beast
  2197 | D:3      | Killed a sky beast
  2197 | D:3      | Gained mutation: You frequently emit foul miasma when
                  | damaged in melee. [demonic ancestry]
  2197 | D:3      | Reached XP level 5. HP: 20/38 MP: 3/10
  2206 | D:3      | Learned a level 4 spell: Summon Ice Beast
  2210 | D:3      | Learned a level 3 spell: Ozocubu's Armour
  2346 | D:3      | Found a glowing drain.
  2372 | Sewer    | Entered a sewer
  2527 | Sewer    | Reached * piety under Sif Muna
  2531 | Sewer    | Reached XP level 6. HP: 29/44 MP: 1/12
  2715 | Sewer    | Reached skill level 1 in Summonings
  3015 | Sewer    | Reached XP level 7. HP: 46/50 MP: 4/14
  3314 | D:3      | Found an ancient bone altar of Kikubaaqudgha.
  3813 | D:4      | Reached ** piety under Sif Muna
  3813 | D:4      | Reached skill level 5 in Spellcasting
  4498 | D:4      | Found a shattered altar of Ashenzari.
  4589 | D:5      | Entered Level 5 of the Dungeon
  4658 | D:5      | Noticed Eustachio
  4671 | D:5      | Killed Eustachio
  4812 | D:5      | Noticed Edmund
  4831 | D:5      | Killed Edmund
  4847 | D:5      | Found Demim's Antique Armour Boutique.
  4916 | D:5      | Found a white marble altar of Elyvilon.
  4925 | D:5      | Found a staircase to the Ecumenical Temple.
  4944 | Temple   | Entered the Ecumenical Temple
  5059 | D:5      | Noticed dembora's ghost (novice DsAK)
  5224 | D:5      | Reached XP level 8. HP: 26/56 MP: 1/16
  5322 | D:5      | Found a transporter.
  5339 | D:5      | Found a transporter.
  5640 | D:6      | Reached *** piety under Sif Muna
  5668 | D:6      | Learned a level 4 spell: Throw Icicle
  5852 | D:6      | Reached skill level 1 in Invocations
  5911 | D:6      | Reached skill level 5 in Summonings
  6308 | D:6      | Found an iron altar of Okawaru.
  6467 | D:6      | Found a burning altar of Makhleb.
  6471 | D:6      | Reached skill level 5 in Ice Magic
  6815 | D:6      | You fall through a shaft for 2 floors!
  6904 | D:8      | Found a basalt altar of Yredelemnul.
  6908 | D:8      | Reached XP level 9. HP: 41/61 MP: 6/18
  6949 | D:8      | Reached skill level 5 in Invocations
  7482 | D:8      | Reached skill level 5 in Conjurations
  7596 | D:8      | Reached **** piety under Sif Muna
  7732 | D:8      | Got a sparkling ivory amulet
  7758 | D:8      | Noticed Pikel
  7770 | D:8      | Killed Pikel
  8378 | D:7      | Found a transporter.
  9024 | D:7      | Learned a level 5 spell: Fireball
  9052 | D:7      | Noticed a moth of wrath
  9095 | D:7      | Reached skill level 1 in Fire Magic
  9095 | D:7      | Gained mutation: You have sharp fingernails. [demonic
                  | ancestry]
  9095 | D:7      | Reached XP level 10. HP: 36/67 MP: 0/19
  9833 | D:7      | Noticed Folque's ghost (amateur HuSu)
  9839 | D:7      | Found a transporter.
 10750 | D:8      | Identified Wacw's Disquisition on Hurtful Shape Shifting
 10835 | D:9      | Reached ***** piety under Sif Muna
 10835 | D:9      | Identified Sif Muna's Volume of the Icy Rocks (Sif Muna
                  | gifted it to you on level 9 of the Dungeon)
 10835 | D:9      | Received a gift from Sif Muna
 11695 | D:9      | Identified the amulet of the Nine Places {Harm *Corrode
                  | *Drain rPois MR- Int+4} (You found it on level 8 of the
                  | Dungeon)
 12062 | D:9      | Found a bloodstained altar of Trog.
 12127 | D:9      | Noticed a deep elf mage
 12135 | D:9      | Killed a deep elf mage
 12152 | D:9      | Noticed a deep elf mage
 12161 | D:9      | Killed a deep elf mage
 12161 | D:9      | Reached skill level 5 in Fire Magic
 12174 | D:9      | Got a jewelled hat
 12495 | D:10     | Entered Level 10 of the Dungeon
 12762 | D:10     | Found a staircase to the Orcish Mines.
 12762 | D:10     | Noticed Snorg
 13071 | D:10     | Reached skill level 5 in Dodging
 13555 | D:10     | Gained mutation: You have very sharp fingernails. [demonic
                  | ancestry]
 13555 | D:10     | Reached XP level 11. HP: 51/72 MP: 0/21
 14198 | D:10     | Identified Sif Muna's Compendium of Summoning (Sif Muna
                  | gifted it to you on level 10 of the Dungeon)
 14198 | D:10     | Received a gift from Sif Muna
 14205 | D:10     | Learned a level 4 spell: Summon Lightning Spire
 14543 | D:10     | Killed Snorg
 14543 | D:10     | Reached skill level 1 in Air Magic
 14916 | D:11     | Noticed a two-headed ogre
 14926 | D:11     | Killed a two-headed ogre
 15062 | D:11     | Noticed a purple ugly thing
 15070 | D:11     | Killed a purple ugly thing
 15260 | D:10     | Killed an unseen horror
 16065 | D:11     | Noticed a five-headed hydra
 16072 | D:11     | Killed a five-headed hydra
 16213 | D:11     | Noticed a two-headed ogre
 16226 | D:11     | Killed a two-headed ogre
 16571 | D:11     | Found a staircase to the Lair.
 16610 | D:11     | Found a runed translucent gate.
 16613 | D:11     | Found a runed translucent gate.
 16614 | D:11     | Found a runed translucent gate.
 16619 | D:11     | Noticed Shimatora's ghost (novice DECj)
 16988 | D:11     | Learned a level 3 spell: Static Discharge
 17318 | D:12     | Noticed a storm dragon
 17319 | D:12     | Noticed a sixfirhy
 17638 | Lair:1   | Entered Level 1 of the Lair of Beasts
 17868 | Lair:1   | Reached skill level 5 in Air Magic
 19134 | Lair:2   | Gained mutation: A weak demonic guardian rushes to your
                  | aid. [demonic ancestry]
 19134 | Lair:2   | Reached XP level 12. HP: 59/78 MP: 8/25
 19377 | Lair:2   | Learned a level 6 spell: Freezing Cloud
 19777 | Lair:3   | Identified Sif Muna's Handbook of the Birds and Beguiling
                  | (Sif Muna gifted it to you on level 3 of the Lair of
                  | Beasts)
 19777 | Lair:3   | Received a gift from Sif Muna
 20509 | Lair:4   | Found a staircase to the Shoals.
 20517 | Lair:4   | Found a staircase to the Snake Pit.
 20538 | Lair:4   | You fall through a shaft for 2 floors!
 20538 | Lair:6   | Entered Level 6 of the Lair of Beasts
 20650 | Lair:6   | Mangled by a blink frog

Skill      XL: |  1  2  3  4  5  6  7  8  9 10 11 12 |
---------------+-------------------------------------+-----
Fighting       | 1 2 |  2.0
Ice Magic      | 3 4 5 7 8 9 |  9.4
Spellcasting   | 3 4 5 6 7 9 |  9.3
Conjurations   | 2 3 4 6 7 8 |  8.1
Summonings     | 2 4 5 |  5.1
Invocations    | 4 7 |  7.0
Dodging        | 3 5 |  5.2
Fire Magic     | 1 5 |  5.0
Air Magic      | 5 7 |  7.5
Stealth        | |  1.7

Action                   |  1- 3 |  4- 6 |  7- 9 | 10-12 || total
-------------------------+-------+-------+-------+-------++-------
Melee: Dagger            |    73 |   129 |   269 |       ||   471
       Long sword        |       |       |    22 |   226 ||   248
       Whip              |       |       |     6 |    23 ||    29
 Fire: Blowgun           |       |       |     3 |     9 ||    12
       Arbalest          |       |       |       |     1 ||     1
 Cast: Freeze            |    18 |    51 |    86 |    83 ||   238
       Throw Frost       |     5 |    26 |    79 |   170 ||   280
       Ozocubu's Armour  |       |     4 |    29 |    46 ||    79
       Summon Ice Beast  |       |       |    29 |    54 ||    83
       Throw Icicle      |       |       |    48 |    54 ||   102
       Fireball          |       |       |       |    17 ||    17
       Summon Lightning  |       |       |       |    23 ||    23
       Static Discharge  |       |       |       |    26 ||    26
       Freezing Cloud    |       |       |       |     2 ||     2
Invok: Divine Energy     |       |     1 |       |       ||     1
       Channel Magic     |       |       |     1 |     3 ||     4
  Use: Scroll            |       |     3 |     2 |    14 ||    19
       Potion            |       |       |     1 |     5 ||     6
 Stab: Sleeping          |     1 |     2 |     2 |     1 ||     6
       Distracted        |       |       |     1 |     4 ||     5
  Eat: Chunk             |     2 |     6 |    27 |    38 ||    73
       Ration            |       |       |     3 |     5 ||     8
Armor: Robe              |    11 |    37 |   138 |   164 ||   350
Dodge: Dodged            |    46 |    84 |   219 |   392 ||   741
       Rpst.: Long sword |       |       |     7 |    98 ||   105
